 Dungeon Crawl Stone Soup version 0.17.1-2-g5865329 (webtiles) character file.

347 Mysteryquy the Cudgeler (level 6, -5/37 HPs)
             Began as a Gargoyle Fighter on Jan 21, 2016.
             Was a Follower of Makhleb.
             Killed by divine providence
             ... invoked by an orc priest
              (14 damage)
             ... on level 4 of the Dungeon.
             The game lasted 00:05:04 (2873 turns).

Mysteryquy the Cudgeler (Gargoyle Fighter)          Turns: 2873, Time: 00:05:04

Health: -5/37      AC: 17    Str: 26    XL:     6   Next: 59%
Magic:  15/15      EV:  4    Int:  9    God:    Makhleb [*.....]
Gold:   42         SH:  9    Dex:  9    Spells: 0 memorised, 5 levels left

rFire  . . .     SeeInvis .     a - +0 flail
rCold  . . .     Clarity  .     w - +0 plate armour
rNeg   + + .     SustAt   .     c - +0 shield
rPois  ∞         Gourm    .     (no helmet)
rElec  +         Spirit   .     (no cloak)
rCorr  .         Warding  .     (no gloves)
rMut   .         Stasis   .     p - +0 pair of boots
MR     .....                    (no amulet)
Stlth  ..........               b - ring of positive energy
                                g - ring of magical power

@: mighty, very slightly contaminated, hasted, very quick, not resistant to
hostile enchantments, extremely unstealthy
A: negative energy resistance 1, electricity resistance, unbreathing,
petrification resistance, rot immunity, AC +4
a: Renounce Religion


You were on level 4 of the Dungeon.
You worshipped Makhleb.
Makhleb was aware of your devotion.
You were not hungry.

You visited 1 branch of the dungeon, and saw 4 of its levels.

You collected 237 gold pieces.
You spent 195 gold pieces at shops.

Inventory:

Hand Weapons
 a - a +0 flail (weapon)
Armour
 c - a +0 shield (worn)
 p - a +0 pair of boots (worn)
 w - a +0 plate armour (worn)
Jewellery
 b - a ring of positive energy (right hand)
 g - a ring of magical power (left hand)
Scrolls
 f - 2 scrolls of enchant armour {unknown}
 i - 5 scrolls of identify {unknown}
 j - a scroll of amnesia {unknown}
 k - a scroll of fog {unknown}
 m - a scroll of remove curse {unknown}
 o - 4 scrolls of teleportation {unknown}
 v - a scroll of recharging {unknown}
 x - a scroll of random uselessness {unknown}
Potions
 h - a potion of agility {unknown}
 l - 3 potions of poison {unknown}
 q - a potion of ambrosia {unknown}
 t - a potion of cancellation {unknown}
 z - a potion of heal wounds {unknown}
 B - a potion of berserk rage
 D - a potion of lignification {unknown}
Comestibles
 e - 2 bread rations
 n - 3 fruits
 r - 2 beef jerkies
 s - a slice of pizza
 u - a meat ration
 A - 2 chunks of flesh


   Skills:
 - Level 3.2 Fighting
 + Level 6.8 Maces & Flails
 - Level 3.2 Armour
 - Level 3.2 Shields


You had 5 spell levels left.
You didn't know any spells.

Dungeon Overview and Level Annotations

Branches:
Dungeon (4/15)
 Temple: D:4-7

Altars:
Makhleb

Shops:
D:4 !

Annotations:
D:4 Grinder


Innate Abilities, Weirdness & Mutations

You are resistant to torment.
Your stone body is resilient (AC +4).
You are immune to poison.
You resist negative energy.
You are resistant to electric shocks.
You can survive without breathing.
You are immune to petrification.
You are immune to rotting.


Message History

The orc priest mumbles some strange prayers to Beogh against you.
Something smites you!
* * * LOW HITPOINT WARNING * * *
The orc wizard casts a spell.
The orc wizard blinks!
You block the orc priest's attack.
You are too injured to fight recklessly!
You are too injured to fight recklessly!
You are too injured to fight recklessly!
Drink which item? (? for menu, Esc to quit)
You feel yourself speed up. The orc priest hits you.
* * * LOW HITPOINT WARNING * * *
You are very lightly contaminated with residual magic.
Drink which item? (? for menu, Esc to quit)
You feel very mighty all of a sudden.
You barely miss the orc priest.
The orc priest is heavily wounded.
The orc wizard barely misses you.
The orc priest calls down the wrath of Beogh upon you.
Something smites you!
You die...

#....
##.## #.#
#.#
#######.#
#.......#
#.#######
#.#######
#.#
#!5oo@o.#
#.#
#######.#
#.#
#.#####.#
#.......#
#########


You could see Grinder, an orc priest, an orc wizard and an orc.

Vanquished Creatures
  A phantom (D:4)
  An ogre (D:4)
  A hound (D:4)
  4 adders
  An ooze (D:3)
  3 worms
  2 giant geckos (D:3)
  4 orcs (D:3)
  6 bats
  16 goblins
  8 hobgoblins
  15 jackals
  A quokka (D:2)
  A ball python (D:3)
  4 giant cockroaches
  3 giant newts
  A jackal skeleton (D:4)
  4 kobolds
  6 rats
82 creatures vanquished.

Notes
Turn   | Place    | Note
--------------------------------------------------------------
     0 | D:1      | Mysteryquy the Gargoyle Fighter began the quest for the Orb.
     0 | D:1      | Reached XP level 1. HP: 14/14 MP: 1/1
    60 | D:1      | Reached XP level 2. HP: 16/19 MP: 2/2
   297 | D:1      | Reached XP level 3. HP: 19/23 MP: 3/3
  1278 | D:2      | Reached skill level 4 in Maces & Flails
  1332 | D:2      | Found a burning altar of Makhleb.
  1335 | D:2      | Became a worshipper of Makhleb the Destroyer
  1680 | D:3      | Reached XP level 4. HP: 24/28 MP: 4/4
  2132 | D:3      | Found a faded altar to an unknown god.
  2249 | D:3      | Reached * piety under Makhleb
  2362 | D:3      | Reached skill level 5 in Maces & Flails
  2362 | D:3      | Reached XP level 5. HP: 29/32 MP: 5/5
  2713 | D:4      | Noticed an ogre
  2718 | D:4      | Killed an ogre
  2718 | D:4      | Reached skill level 6 in Maces & Flails
  2718 | D:4      | Reached XP level 6. HP: 37/37 MP: 6/6
  2727 | D:4      | Found Zarghen's Distillery.
  2748 | D:4      | Bought a potion of berserk rage for 65 gold pieces
  2748 | D:4      | Bought a potion of haste for 130 gold pieces
  2758 | D:4      | Noticed a phantom
  2764 | D:4      | Killed a phantom
  2868 | D:4      | Noticed Grinder
  2873 | D:4      | Killed from afar by an orc priest

Action                   |  1- 3 |  4- 6 || total
-------------------------+-------+-------++-------
Melee: Flail             |   184 |   172 ||   356
  Use: Potion            |       |     3 ||     3
  Eat: Chunk             |     2 |     5 ||     7
